 Dungeon Crawl Stone Soup version 0.29-a0-330-g52719c12eb (webtiles) character file.

Game seed: 15737027522008372429

25652 Crownlay the Frost Mage (level 13, -1/98 HPs)
             Began as a Gnoll Ice Elementalist on Apr 30, 2022.
             Was a High Priest of Uskayaw.
             Slain by Rupert
             ... wielding a +5 battleaxe of venom
              (14 damage)
             ... on level 4 of the Lair of Beasts on May 1, 2022.
             The game lasted 00:38:53 (20201 turns).

Crownlay the Frost Mage (Gnoll Ice Elementalist)   Turns: 20201, Time: 00:38:54

Health: -1/98      AC:  6    Str:  9    XL:     13   Next: 20%
Magic:  17/26      EV: 15    Int: 19    God:    Uskayaw [*****.]
Gold:   833        SH:  6    Dex: 12    Spells: 11/31 levels left

rFire   . . .      SeeInvis .   C - +2 hand axe (vorpal)
rCold   . . .      Faith    .   G - +0 buckler
rNeg    . . .      Spirit   .   a - +0 robe
rPois   .          Reflect  .   F - +0 helmet
rElec   .          Harm     .   e - +0 cloak
rCorr   .          Rampage  .   j - +0 pair of gloves
Will    +....                   (no boots)
Stlth   ++++......              (no amulet)
HPRegen 0.26/turn               d - ring of willpower
MPRegen 0.20/turn               (no ring)

@: no status effects
A: fangs 1, strong nose, distributed training
a: Renounce Religion, Stomp, Line Pass, Grand Finale


You were on level 4 of the Lair of Beasts.
You worshipped Uskayaw.
Uskayaw was aware of your devotion.
You visited 2 branches of the dungeon, and saw 14 of its levels.
You also visited: Bailey.

You collected 833 gold pieces.

Inventory:

Hand Weapons
 l - a +2 dire flail of holy wrath
 C - a +2 vorpal hand axe (weapon)
Missiles
 y - 8 boomerangs (quivered)
 P - 6 javelins
Armour
 a - a +0 robe (worn)
 e - a +0 cloak (worn)
 j - a +0 pair of gloves (worn)
 F - a +0 helmet (worn)
 G - a +0 buckler (worn)
Jewellery
 d - a ring of willpower (left hand)
Wands
 w - a wand of acid (11)
 B - a wand of paralysis (3)
 E - a wand of iceblast (14)
Scrolls
 f - 6 scrolls of fog
 i - a scroll of noise
 s - 12 scrolls of teleportation
 u - a scroll of summoning
 x - a scroll of amnesia
 A - 3 scrolls of enchant armour
 D - 2 scrolls of fear
 H - a scroll of vulnerability {unknown}
 J - a scroll of acquirement {unknown}
 M - a scroll of enchant weapon {unknown}
 N - a scroll of torment {unknown}
Potions
 b - 3 potions of magic
 c - 10 potions of curing
 g - 7 potions of heal wounds
 k - 2 potions of resistance {unknown}
 m - 4 potions of might
 n - 3 potions of degeneration {unknown}
 o - a potion of ambrosia {unknown}
 p - 3 potions of invisibility
 q - 5 potions of cancellation
 r - 5 potions of brilliance
 t - 4 potions of lignification
 z - 2 potions of berserk rage {unknown}
 I - 2 potions of flight {unknown}
 K - a potion of attraction {unknown}
 L - a potion of mutation {unknown}


   Skills:
 + Level 8.1 Fighting
 + Level 8.1 Short Blades
 + Level 8.1 Long Blades
 + Level 8.1 Axes
 + Level 8.1 Maces & Flails
 + Level 8.1 Polearms
 + Level 8.1 Staves
 + Level 8.1 Slings
 + Level 8.1 Bows
 + Level 8.1 Crossbows
 + Level 8.1 Throwing
 + Level 8.1 Armour
 + Level 9.3 Dodging
 + Level 9.2 Stealth
 + Level 8.1 Shields
 + Level 8.1 Unarmed Combat
 + Level 9.6 Spellcasting
 + Level 6.7 Conjurations
 + Level 6.7 Hexes
 + Level 6.7 Summonings
 + Level 6.7 Necromancy
 + Level 6.7 Translocations
 + Level 6.7 Transmutations
 + Level 6.7 Fire Magic
 + Level 9.9 Ice Magic
 + Level 6.7 Air Magic
 + Level 6.7 Earth Magic
 + Level 6.7 Poison Magic
 + Level 8.8 Invocations
 + Level 8.1 Evocations


You had 11 spell levels left.
You knew the following spells:

 Your Spells              Type           Power      Damage    Failure   Level
a - Freeze                Ice            100%       1d11      1%          1
b - Frozen Ramparts       Ice            92%        1d11      1%          3
c - Ozocubu's Armour      Ice            46%        N/A       1%          3
d - Hailstorm             Conj/Ice       40%        3d10      3%          4
e - Dispel Undead         Necr           34%        3d15      6%          4
f - Metabolic Englaciati  Hex/Ice        20%        N/A       9%          5

Your spell library contained the following spells:

 Spells                   Type           Power      Damage    Failure   Level
 Sting                    Tmut/Pois      100%       1d8       1%          1
 Corpse Rot               Necr/Air       68%        N/A       1%          2
 Poisonous Vapours        Pois/Air       68%        N/A       1%          2
 Static Discharge         Conj/Air       34%        N/A       1%          2
 Sublimation of Blood     Necr           34%        N/A       1%          2
 Wereblood                Tmut           34%        N/A       1%          2
 Leda's Liquefaction      Hex/Erth       17%        N/A       6%          4
 Olgreb's Toxic Radiance  Pois           34%        N/A       6%          4
 Sticky Flame             Conj/Fire      34%        2d5       6%          4
 Alistair's Intoxication  Tmut/Pois      22%        N/A       17%         5
 Borgnjor's Vile Clutch   Necr/Erth      17%        N/A       17%         5
 Iskenderun's Battlesphe  Conj           34%        2d9       17%         5
 Lee's Rapid Deconstruct  Erth           17%        3d11*     17%         5
 Simulacrum               Ice/Necr       20%        N/A       43%         6
 Death Channel            Necr           17%        N/A       67%         6
 Eringya's Noxious Bog    Tmut/Pois      17%        N/A       67%         6
 Iron Shot                Conj/Erth      17%        9d4       67%         6
 Statue Form              Tmut/Erth      22%        N/A       67%         6
 Spellforged Servitor     Conj/Summ      17%        N/A       99%         7
 Summon Hydra             Summ           17%        N/A       99%         7


Dungeon Overview and Level Annotations

Branches:
Dungeon (9/15)             Temple (0/1) D:7            Lair (5/6) D:9
  Swamp (0/4) Lair:4        Snake (0/4) Lair:3       Bailey (visited)
  Slime: Lair:5-6       Orc: D:9-12

Altars:
Makhleb
Okawaru
Sif Muna
Uskayaw
The Shining One

Shops:
D:7 [

Annotations:
Lair:3 Fannar
Lair:4 Rupert


Innate Abilities, Weirdness & Mutations

You have very sharp teeth.
Your uncanny sense of smell can sniff out nearby items.
Your experience applies equally to all skills.


Message History

Aim: Rupert, wielding a +5 battleaxe of venom and wearing a +2 leather armour of poison resistance (66% to hit)
Okay, then.
That's the wrong kind of item! (Use * to select it.) Fire/throw which item? ([*] to toggle full inventory view, [\] to toss any item) (? for menu, Esc to quit)
Okay, then.
Throw: 7 javelins
Press: ? - help, Shift-Dir - straight line You can't see that place.
You can't see that place.
Okay, then.
Throw: 7 javelins
Press: ? - help, Shift-Dir - straight line, f - Rupert
Aim: Rupert, wielding a +5 battleaxe of venom and wearing a +2 leather armour of poison resistance (66% to hit)
You throw a javelin. The javelin pierces through Rupert!
Rupert is lightly wounded.
The wall freezes Rupert.
The wall freezes Rupert!
Rupert hits you with a +5 battleaxe of venom!
You are poisoned.
Blink to where?
Press: ? - help, Dir - move target, p - Rupert Your icy armour and frozen ramparts will break if you move.
Continue?
Your icy armour cracks and falls away as you move.
The frozen ramparts melt away as you move.
A black mamba comes into view.
As you read the scroll of blinking, it crumbles to dust.
You feel very sick.
You feel sick.
Rupert shouts, "I'm a great and powerful hero!"
Rupert closely misses you.
You climb upwards.
You feel very sick.
There is a stone staircase leading down here.
As you read the scroll of fear, it crumbles to dust.
You assume a fearsome visage.
Rupert resists with almost no effort.
You feel sick.
Rupert hits you with a +5 battleaxe of venom!
* * * LOW HITPOINT WARNING * * *
You feel better.
Rupert hits you with a +5 battleaxe of venom!
You die...

............##...................
......#....#.#...PP..............
....P##.....##....#...#.#####....
.....#......#.........### ##....
.............#........# #....#
..........>##.........# #....#
............#.........## ##...#
.....[.................## #.....
...##.......#...@.......# #.....
...####........@......### ##....
....# #...............# #.....
...####...............## ##....
...........#P..........# #....#
...........##.........## #....#
...........#......#...# #....P
...........##....#..P.### #.....
......#....#.....##P..P.# ##....


You could see Rupert.

Vanquished Creatures
  2 vault guards (Bailey)
  A catoblepas (Lair:4)
  A hydra (Lair:2)
  Urug (Lair:4)
  Pikel (D:7)
  3 black mambas
  5 elephants (Lair:5)
  A gargoyle (D:9)
  10 cane toads
  A rime drake (Lair:1)
  5 komodo dragons
  A polar bear (Lair:5)
  Prince Ribbit (D:5)
  19 blink frogs
  2 tyrant leeches (Lair:4)
  A vampire (D:9)
  6 humans (Bailey)
  A wyvern (Lair:4)
  A steam dragon (D:7)
  16 yaks
  2 basilisks
  A swamp worm (Lair:4)
  3 nagas (Lair:3)
  13 water moccasins
  Duvessa (D:5)
  An orc warrior (D:5)
  A black bear (D:8)
  14 wolves
  2 ogres
  A centaur (D:7)
  A phantom (D:6)
  A lemure (D:7)
  Blork the orc (D:5)
  19 bullfrogs
  A necrophage (D:6)
  2 scorpions
  9 wights
  Dowan (D:5)
  5 killer bees (D:9)
  5 howler monkeys
  3 electric eels (D:9)
  2 jellies
  2 hounds (D:5)
  2 gnoll shamans
  2 orc priests
  7 iguanas
  4 orc wizards
  5 gnolls
  5 adders
  A shadow imp (D:7)
  3 white imps
  4 dart slugs
  29 orcs
  7 ball pythons
  6 endoplasms
  2 giant cockroaches (D:2)
  12 goblins
  10 hobgoblins
  2 jackals (D:4)
  4 kobolds
  4 quokkas
  2 bats
  5 frilled lizards
  6 rats
292 creatures vanquished.

Vanquished Creatures (others)
  An orc wizard (D:6)
  23 fungi
  16 plants
40 creatures vanquished.

Grand Total: 332 creatures vanquished

Notes
Turn   | Place    | Note
-------+----------+-------------------------------------------
     0 | D:1      | Crownlay the Gnoll Ice Elementalist began the quest for the
                  | Orb.
     0 | D:1      | Reached XP level 1. HP: 13/13 MP: 6/6
   163 | D:1      | Found a faded altar of an unknown god.
   183 | D:1      | Reached XP level 2. HP: 7/19 MP: 2/7
  1065 | D:1      | Reached XP level 3. HP: 25/25 MP: 9/9
  1079 | D:1      | Learned a level 3 spell: Frozen Ramparts
  1083 | D:1      | Learned a level 3 spell: Ozocubu's Armour
  1092 | D:1      | Reached skill level 5 in Spellcasting
  1360 | D:2      | Reached skill level 1 in Invocations
  1364 | D:2      | Reached skill level 1 in Fighting
  1364 | D:2      | Reached skill level 1 in Short Blades
  1364 | D:2      | Reached skill level 1 in Long Blades
  1364 | D:2      | Reached skill level 1 in Axes
  1364 | D:2      | Reached skill level 1 in Maces & Flails
  1364 | D:2      | Reached skill level 1 in Polearms
  1364 | D:2      | Reached skill level 1 in Staves
  1364 | D:2      | Reached skill level 1 in Slings
  1364 | D:2      | Reached skill level 1 in Bows
  1364 | D:2      | Reached skill level 1 in Crossbows
  1364 | D:2      | Reached skill level 1 in Throwing
  1364 | D:2      | Reached skill level 1 in Armour
  1364 | D:2      | Reached skill level 1 in Shields
  1364 | D:2      | Reached skill level 1 in Unarmed Combat
  1364 | D:2      | Reached skill level 1 in Evocations
  1501 | D:2      | Reached XP level 4. HP: 32/32 MP: 11/11
  2213 | D:3      | Reached skill level 1 in Conjurations
  2213 | D:3      | Reached skill level 1 in Hexes
  2213 | D:3      | Reached skill level 1 in Summonings
  2213 | D:3      | Reached skill level 1 in Necromancy
  2213 | D:3      | Reached skill level 1 in Translocations
  2213 | D:3      | Reached skill level 1 in Transmutations
  2213 | D:3      | Reached skill level 1 in Fire Magic
  2213 | D:3      | Reached skill level 1 in Air Magic
  2213 | D:3      | Reached skill level 1 in Earth Magic
  2213 | D:3      | Reached skill level 1 in Poison Magic
  2422 | D:3      | Identified the +1 robe "Tyttion" {rN+}
  2428 | D:3      | Reached XP level 5. HP: 20/37 MP: 5/12
  3263 | D:4      | Noticed a phantom
  3287 | D:5      | Entered Level 5 of the Dungeon
  3370 | D:5      | Noticed Blork the orc
  3385 | D:5      | Killed Blork the orc
  3386 | D:5      | Reached XP level 6. HP: 14/44 MP: 3/14
  3622 | D:5      | Noticed an orc warrior
  3626 | D:5      | Reached skill level 5 in Dodging
  3629 | D:5      | Killed an orc warrior
  3633 | D:5      | Reached XP level 7. HP: 36/50 MP: 6/15
  3880 | D:5      | Noticed Duvessa
  3881 | D:5      | Noticed Dowan
  3888 | D:5      | Killed Duvessa
  3894 | D:5      | Killed Dowan
  3995 | D:5      | Reached skill level 5 in Stealth
  4098 | D:5      | Noticed Prince Ribbit
  4123 | D:5      | Killed Prince Ribbit
  4124 | D:5      | Reached XP level 8. HP: 46/57 MP: 9/16
  5424 | D:6      | Found a hide-covered altar of Uskayaw.
  5424 | D:6      | Found a shimmering blue altar of Sif Muna.
  5468 | D:6      | Became a worshipper of Uskayaw the Reveller
  5552 | D:6      | Reached * piety under Uskayaw
  5554 | D:6      | Reached ** piety under Uskayaw
  6566 | D:7      | Found a staircase to the Ecumenical Temple.
  6606 | D:7      | Noticed Pikel
  6618 | D:7      | Reached *** piety under Uskayaw
  6620 | D:7      | Reached **** piety under Uskayaw
  6621 | D:7      | Killed Pikel
  6622 | D:7      | Reached XP level 9. HP: 58/65 MP: 12/18
  6623 | D:7      | Reached ***** piety under Uskayaw
  7089 | D:7      | Found Soqir's Antique Armour Boutique.
  7133 | D:7      | Learned a level 4 spell: Hailstorm
  7145 | D:7      | Found a burning altar of Makhleb.
  7497 | D:7      | Found a glowing golden altar of the Shining One.
  8862 | D:8      | Reached skill level 5 in Invocations
  8921 | D:8      | Found an iron altar of Okawaru.
  9799 | D:9      | Reached XP level 10. HP: 49/70 MP: 12/20
  9922 | D:9      | Found a flagged portal.
  9950 | Bailey   | Entered a bailey
 10027 | Bailey   | Reached skill level 5 in Fighting
 10027 | Bailey   | Reached skill level 5 in Short Blades
 10027 | Bailey   | Reached skill level 5 in Long Blades
 10027 | Bailey   | Reached skill level 5 in Axes
 10027 | Bailey   | Reached skill level 5 in Maces & Flails
 10027 | Bailey   | Reached skill level 5 in Polearms
 10027 | Bailey   | Reached skill level 5 in Staves
 10027 | Bailey   | Reached skill level 5 in Slings
 10027 | Bailey   | Reached skill level 5 in Bows
 10027 | Bailey   | Reached skill level 5 in Crossbows
 10027 | Bailey   | Reached skill level 5 in Throwing
 10027 | Bailey   | Reached skill level 5 in Armour
 10027 | Bailey   | Reached skill level 5 in Shields
 10027 | Bailey   | Reached skill level 5 in Unarmed Combat
 10027 | Bailey   | Reached skill level 5 in Evocations
 10153 | Bailey   | Noticed a vault guard
 10159 | Bailey   | Reached ****** piety under Uskayaw
 10176 | Bailey   | Killed a vault guard
 10555 | Bailey   | Noticed a vault guard
 10576 | Bailey   | Killed a vault guard
 10611 | D:9      | Noticed a gargoyle
 10616 | D:9      | Killed a gargoyle
 10617 | D:9      | Reached XP level 11. HP: 71/81 MP: 12/22
 10763 | D:9      | Learned a level 4 spell: Dispel Undead
 12059 | D:9      | Found a staircase to the Lair.
 12268 | Lair:1   | Entered Level 1 of the Lair of Beasts
 12277 | Lair:1   | Reached skill level 5 in Conjurations
 12277 | Lair:1   | Reached skill level 5 in Hexes
 12277 | Lair:1   | Reached skill level 5 in Summonings
 12277 | Lair:1   | Reached skill level 5 in Necromancy
 12277 | Lair:1   | Reached skill level 5 in Translocations
 12277 | Lair:1   | Reached skill level 5 in Transmutations
 12277 | Lair:1   | Reached skill level 5 in Fire Magic
 12277 | Lair:1   | Reached skill level 5 in Air Magic
 12277 | Lair:1   | Reached skill level 5 in Earth Magic
 12277 | Lair:1   | Reached skill level 5 in Poison Magic
 13704 | Lair:1   | Identified the +1 scale mail "Betous" {Int-4 Dex+6}
 14384 | Lair:1   | Reached XP level 12. HP: 89/89 MP: 18/24
 15151 | Lair:2   | Noticed a seven-headed hydra
 15163 | Lair:2   | Killed a seven-headed hydra
 15714 | Lair:2   | Learned a level 5 spell: Metabolic Englaciation
 16391 | Lair:3   | Found a staircase to the Snake Pit.
 16752 | Lair:3   | Noticed Fannar
 18917 | Lair:4   | Noticed a catoblepas
 18945 | Lair:4   | Killed a catoblepas
 19428 | Lair:4   | Noticed Urug
 19441 | Lair:4   | Reached XP level 13. HP: 41/98 MP: 17/26
 19442 | Lair:4   | Killed Urug
 19790 | Lair:4   | Found a staircase to the Swamp.
 20191 | Lair:5   | Noticed Rupert
 20201 | Lair:4   | Slain by Rupert

Illustrated notes

Levels and vault maps discovered:
D:1:      eino_arrival_tree_alley, layout_rooms, ebering_ecumenical_altar_rust
D:2:      minmay_evil_eye, layout_rooms
D:3:      layout_basic
D:4:      layout_basic, mainiacjoe_overflow_six_doors_small, serial_shops,
          shop_fountains, serial_bayou_pond_b
D:5:      layout_loops_cross, uniq_prince_ribbit1, uniq_duvessa,
          uniq_blork_the_orc
D:6:      layout_basic, gammafunk_temple_overflow_elements
D:7:      layout_basic, lemuel_doored_altar, amcnicky_altar_gilded,
          minmay_temple_entry_proselytizer, serial_shops,
          nicolae_shop_advertising_works [nicolae_subvault_shop_adworks],
          hangedman_decor_push, uniq_pikel
D:8:      layout_loops_corners, lemuel_tele_altar
D:9:      wad_lake_hut, layout_loops_ring, enter_bailey_5, water_maze_lemuel
Lair:1:   layout_misc_corridors, serial_bayou_shore_b, grunt_megastairs_2,
          infiniplex_staircase_pool, lemuel_fruit_tree
Lair:2:   layout_cave_pods, chequers_serial_rivers_micro_c,
          dreamdust_gnoll_shepherd
Lair:3:   layout_regular_city, minmay_snake_entry_guardpost_small,
          fungi_pond_lemuel, uniq_fannar
Lair:4:   layout_small_grid, minmay_swamp_entry_worms, uniq_urug
Lair:5:   layout_loops_ring, gammafunk_ghost_grave,
          chequers_serial_rivers_small_a, hibernation_bobbens, uniq_rupert

Skill      XL: |  1  2  3  4  5  6  7  8  9 10 11 12 13 |
---------------+----------------------------------------+-----
Spellcasting   | 5 6 7 8 9 |  9.6
Invocations    | 1 2 3 4 5 6 7 8 |  8.8
Fighting       | 1 2 3 4 5 6 7 8 |  8.1
Short Blades   | 1 2 3 4 5 6 7 8 |  8.1
Long Blades    | 1 2 3 4 5 6 7 8 |  8.1
Axes           | 1 2 3 4 5 6 7 8 |  8.1
Maces & Flails | 1 2 3 4 5 6 7 8 |  8.1
Polearms       | 1 2 3 4 5 6 7 8 |  8.1
Staves         | 1 2 3 4 5 6 7 8 |  8.1
Slings         | 1 2 3 4 5 6 7 8 |  8.1
Bows           | 1 2 3 4 5 6 7 8 |  8.1
Crossbows      | 1 2 3 4 5 6 7 8 |  8.1
Throwing       | 1 2 3 4 5 6 7 8 |  8.1
Armour         | 1 2 3 4 5 6 7 8 |  8.1
Shields        | 1 2 3 4 5 6 7 8 |  8.1
Unarmed Combat | 1 2 3 4 5 6 7 8 |  8.1
Evocations     | 1 2 3 4 5 6 7 8 |  8.1
Conjurations   | 1 2 3 4 5 6 |  6.7
Hexes          | 1 2 3 4 5 6 |  6.7
Summonings     | 1 2 3 4 5 6 |  6.7
Necromancy     | 1 2 3 4 5 6 |  6.7
Translocations | 1 2 3 4 5 6 |  6.7
Transmutations | 1 2 3 4 5 6 |  6.7
Fire Magic     | 1 2 3 4 5 6 |  6.7
Air Magic      | 1 2 3 4 5 6 |  6.7
Earth Magic    | 1 2 3 4 5 6 |  6.7
Poison Magic   | 1 2 3 4 5 6 |  6.7
Dodging        | 5 6 7 8 9 |  9.3
Stealth        | 5 6 7 8 9 |  9.2
Ice Magic      | 8 9 |  9.9

Action                   |  1- 3 |  4- 6 |  7- 9 | 10-12 | 13-15 || total
-------------------------+-------+-------+-------+-------+-------++-------
Melee: Spear             |   103 |   138 |   160 |       |       ||   401
       Bite              |     6 |     8 |    34 |    67 |     6 ||   121
       Punch             |       |     2 |     6 |     1 |       ||     9
       Whip              |       |       |   148 |    50 |       ||   198
       Hand axe          |       |       |       |   287 |    37 ||   324
Throw: Boomerang         |       |       |       |   105 |     6 ||   111
       Javelin           |       |       |       |       |     1 ||     1
 Cast: Freeze            |    18 |     4 |    13 |    21 |       ||    56
       Frozen Ramparts   |       |     8 |    28 |    66 |     7 ||   109
       Ozocubu's Armour  |       |     6 |    20 |    53 |     5 ||    84
       Hailstorm         |       |       |       |    12 |       ||    12
       Dispel Undead     |       |       |       |     2 |       ||     2
       Metabolic Englaci |       |       |       |     1 |     1 ||     2
Evoke: Wand              |       |       |       |     6 |       ||     6
  Use: Scroll            |       |     2 |     6 |     9 |     3 ||    20
       Potion            |       |       |       |     1 |     1 ||     2
 Stab: Sleeping          |     5 |     3 |     5 |     2 |       ||    15
       Paralysed         |       |       |    20 |    57 |     8 ||    85
Armor: Robe              |    20 |    33 |    56 |    86 |    12 ||   207
Dodge: Dodged            |    61 |    87 |   207 |   213 |    24 ||   592
Block: Buckler           |       |       |       |    65 |    15 ||    80

Table legend: (Time is in decaauts)
 A = Elapsed time spent in this place.
 B = Non-inter-level travel time spent in this place.
 C = Inter-level travel time spent in this place.
 D = Time resting spent in this place.
 E = Time spent auto-exploring this place.
 F = Levels seen in this place.
 G = Mean time per level.
                   A        B        C        D        E       F      G
               +--------+--------+--------+--------+--------+-----+--------+
         Total |  20221 |  19824 |    397 |    314 |  16957 |  15 | 1348.1 |
       Dungeon |  12300 |  12003 |    297 |      0 |  10485 |   9 | 1366.7 |
          Lair |   7275 |   7176 |     99 |    314 |   5984 |   5 | 1455.0 |
        Bailey |    645 |    645 |      0 |      0 |    488 |   1 |  645.0 |
               +--------+--------+--------+--------+--------+-----+--------+

Top non-repeatable levels by time:
     D:9: 2572 daAuts
  Lair:4: 2088 daAuts
     D:7: 2080 daAuts
  Lair:1: 1901 daAuts
     D:6: 1740 daAuts
  Lair:3: 1740 daAuts
  Lair:2: 1518 daAuts
     D:5: 1311 daAuts
     D:8: 1297 daAuts
     D:1: 1155 daAuts
     D:2: 976 daAuts
     D:3: 968 daAuts
  Bailey: 645 daAuts
     D:4: 197 daAuts
  Lair:5: 26 daAuts
